 Dungeon Crawl Stone Soup version 0.19.5 (webtiles) character file.

17919 equalderp2856 the Gouger (level 12, -9/51 HPs)
             Began as a Felid Fighter on Mar 14, 2017.
             Mangled by a komodo dragon (29 damage)
             ... on level 6 of the Lair of Beasts.
             The game lasted 02:27:50 (41104 turns).

equalderp2856 the Gouger (Felid Fighter)           Turns: 41104, Time: 02:27:51

Health: -9/51      AC:  3    Str: 18    XL:     12   Next: 23%
Magic:  36/36      EV: 27    Int: 12    God:
Gold:   899        SH:  0    Dex: 17    Spells: 4 memorised, 24 levels left
                                        Lives:  0   Deaths: 2

rFire  . . .     SeeInvis +       - Unarmed
rCold  + . .     Gourm    .     (armour unavailable)
rNeg   . . .     Faith    .     (shield unavailable)
rPois  .         Spirit   .     (helmet unavailable)
rElec  .         Reflect  .     (cloak unavailable)
rCorr  .         Harm     .     (gloves unavailable)
MR     ++...                    (boots unavailable)
Stlth  ++++++....               B - amulet of rage
                                V - ring of magical power
                                t - ring of protection from magic

@: mighty, exhausted, hasted and slowed, repel missiles, quick
A: no armour, no weapons or thrown items, stealth, claws 1, fangs 3, see
invisible, carnivore 3, speed 1, shaggy fur 3, slow metabolism 1, sharp paws
a: Evoke Berserk Rage


You were on level 6 of the Lair of Beasts.
You were very full.

You visited 2 branches of the dungeon, and saw 17 of its levels.
You also visited: Sewer and Ossuary.

You collected 899 gold pieces.

Inventory:

Missiles
 n - 215 arrows
Jewellery
 h - an uncursed ring of wizardry
 q - an uncursed ring of ice
 t - a ring of protection from magic (left paw)
 B - an amulet of rage (around neck)
 G - an uncursed ring of fire
 K - an uncursed ring of flight
 N - an uncursed amulet of magic regeneration
 V - a ring of magical power (right paw)
Wands
 c - a wand of slowing (24/48)
 g - a wand of iceblast (7/15)
 w - a wand of slowing (26/48)
 A - a wand of enslavement (17/24)
 D - a wand of disintegration (6/24)
 E - a wand of confusion (35/48)
 I - a wand of confusion (16/48)
 L - a wand of lightning (10/15)
 R - a wand of enslavement (11/24)
 T - a wand of iceblast (0/15)
 U - a wand of iceblast (5/15)
 Y - a wand of flame (19/48)
 Z - a wand of lightning (7/15)
Scrolls
 j - 6 scrolls of remove curse
 m - 3 scrolls of enchant weapon
 r - 2 scrolls of teleportation
 y - 5 scrolls of magic mapping
 C - a scroll of blinking {unknown}
 F - 5 scrolls of identify
 J - 4 scrolls of amnesia
Potions
 a - 2 potions of might
 d - 6 potions of flight
 e - 4 potions of cancellation
 i - 3 potions of invisibility
 k - 3 potions of magic
 p - 2 potions of resistance {unknown}
 s - a potion of cure mutation {unknown}
 u - 7 potions of brilliance
 v - 2 potions of agility {unknown}
 z - 2 potions of berserk rage {unknown}
 H - a potion of degeneration {unknown}
 M - 2 potions of lignification {unknown}
Books
 O - a book of Flames

   Spells                             Type                      Level
   a - Flame Tongue                   Conjuration/Fire             1
   b - Throw Flame                    Conjuration/Fire             2
   c - Conjure Flame                  Conjuration/Fire             3
   d - Inner Flame                    Hexes/Fire                   3
   e - Sticky Flame                   Conjuration/Fire             4
   f - Fireball                       Conjuration/Fire             5
 Q - a book of Air

   Spells                             Type                      Level
   a - Shock                          Conjuration/Air              1
   b - Swiftness                      Charms/Air                   2
   c - Repel Missiles                 Charms/Air                   2
   d - Static Discharge               Conjuration/Air              3
   e - Lightning Bolt                 Conjuration/Air              5
Comestibles
 b - 4 meat rations
 f - 3 beef jerkies
 X - a slice of pizza


   Skills:
 + Level 5.4 Fighting
 + Level 11.2 Dodging
 + Level 12.0 Stealth
 + Level 14.5 Unarmed Combat
 * Level 10.7 Spellcasting
 + Level 6.3 Conjurations
 + Level 0.2 Charms
 + Level 3.7 Fire Magic
 - Level 4.5 Air Magic
 + Level 2.9 Evocations


You had 24 spell levels left.
You knew the following spells:

 Your Spells              Type           Power        Failure   Level  Hunger
a - Shock                 Conj/Air       ###.         1%          1    None
b - Repel Missiles        Chrm/Air       ##....       8%          2    None
c - Swiftness             Chrm/Air       ##......     8%          2    None
d - Conjure Flame         Conj/Fire      ###.....     4%          3    ##.....


Dungeon Overview and Level Annotations

Branches:
Dungeon (11/15)            Temple (0/1) D:4            Lair (6/6) D:10
  Swamp (0/4) Lair:4        Snake (0/4) Lair:2
  Slime: Lair:5-6       Orc: D:9-12

Altars:
Ashenzari
Elyvilon
Ru
Trog
Uskayaw
Vehumet
Zin
The Shining One

Shops:
D:7 (

Annotations:
D:7 SkullSpatter's ghost, novice MiFi
D:9 Agrougrou's ghost, journeyman NaFi
Lair:6 MirrMurr's ghost, journeyman TrMo


Innate Abilities, Weirdness & Mutations

You cannot wear armour.
You are incapable of wielding weapons or throwing items.
Your paws allow you to move quietly. (Stealth)
You have sharp claws.
You have razor-sharp teeth.
You have supernaturally acute eyesight. (SInv)
You are carnivorous and can eat meat at any time.
You cover ground quickly.
Your thick and shaggy fur keeps you warm. (AC +3, rC+)
You have a slow metabolism.
Your sharp claws are effective at attacking unaware monsters.


Message History

The wraith barely misses you.
You barely miss the wraith.
The wraith is heavily damaged.
The wraith misses you. The wraith completely misses you.
You mangle the wraith!!
You destroy the wraith!
You found an alarm trap!
You claw the bush!
The bush is almost destroyed.
Unknown command.
You start waiting.
A komodo dragon comes into view.
The komodo dragon hisses angrily.
The komodo dragon bites you!!
Ouch! That really hurt!
You feel yourself speed up.
The komodo dragon completely misses you.
The komodo dragon bites you!!
Ouch! That really hurt!
You die...

...#...........P...P.P...P.P
............##.PPP.P.PPP.P.P.P##
:...........##...........P.....
#.P..##...#.###PP)PP.PPPPP.P..#
###..###....##.P.....P...P.P.#
##P#..#...##.P.PP..PPP.P.P## ##
###........#P...P...P...P.##
†####.#P.#[...#P.PPP.P.P.P.P..#
##?...........#P@..........P.####
###............PlPPPP.P.P.PP..#..
#.............................†..
#................#.###........#..
##...............#.# ##.#'#..##..
##...............### #.#.....#...
##.............#...###.......##..
W..................#.###......#..
#W##.F........##.....#.##..⌠..#..


You could see a komodo dragon.

Vanquished Creatures
  Josephine (Lair:6)
  An ogre mage (D:9)
  The ghost of North the Martial Artist, a journeyman MfTm of Ru (Lair:1)
  7 hydras
  3 death yaks
  An unseen horror (D:11)
  A hill giant (D:8)
  12 elephants
  5 black mambas
  An ice statue (D:8)
  12 spiny frogs
  2 rime drakes
  7 komodo dragons
  3 two-headed ogres
  2 trolls
  15 blink frogs
  A hornet (D:10)
  Grinder (Sewer)
  10 hippogriffs
  2 wyverns
  5 wraiths
  21 yaks
  A hungry ghost (D:7)
  2 basilisks
  2 steam dragons (Lair:6)
  5 nagas (Lair:2)
  12 porcupines
  11 water moccasins
  2 swamp drakes
  7 orc warriors
  A sky beast (D:8)
  2 phantoms
  3 black bears
  An ice beast (D:5)
  4 wolves
  7 centaurs
  9 ogres
  27 crocodiles
  3 big kobolds
  22 bullfrogs
  6 scorpions
  5 water moccasin zombies
  4 killer bees
  13 wights
  4 electric eels
  A howler monkey (D:6)
  3 crimson imps
  A bullfrog zombie (D:6)
  2 centaur zombies
  A quasit (Sewer)
  15 hounds
  6 orc priests
  2 jellies
  An iguana (Lair:6)
  3 bullfrog skeletons
  7 orc wizards
  9 worker ants
  5 big kobold zombies
  A killer bee zombie (D:8)
  2 mummies (Ossuary)
  6 worker ant zombies
  A howler monkey zombie (D:6)
  4 gnolls (D:4)
  9 adders
  A shadow imp (D:8)
  2 ufetubi (Sewer)
  3 oozes
  4 adder zombies (Ossuary)
  2 worms
  4 dart slugs
  6 leopard geckos
  33 orcs
  3 ball pythons
  3 bats
  16 giant cockroaches
  5 goblins
  9 hobgoblins
  12 jackals
  35 kobolds
  7 quokkas
  8 frilled lizards
  A giant cockroach zombie (Sewer)
  A gnoll zombie (Ossuary)
  8 hobgoblin zombies (Ossuary)
  3 kobold zombies
  A leopard gecko zombie (D:9)
  3 orc zombies (Ossuary)
  2 quokka zombies
  13 rats
  A plant (Lair:6)
532 creatures vanquished.

Vanquished Creatures (others)
  A kobold zombie (Sewer)
  An orc zombie (Ossuary)
  8 bushes (Lair:6)
  11 fungi
  34 plants
55 creatures vanquished.

Grand Total: 587 creatures vanquished

Notes
Turn   | Place    | Note
-------+----------+-------------------------------------------
     0 | D:1      | equalderp2856 the Felid Fighter began the quest for the Orb.
     0 | D:1      | Reached XP level 1. HP: 10/10 MP: 2/2
    67 | D:1      | Reached XP level 2. HP: 7/14 MP: 3/3
   651 | D:1      | Reached XP level 3. HP: 17/17 MP: 4/4
  1004 | D:2      | Found a bloodstained altar of Trog.
  1652 | D:2      | Reached skill level 5 in Unarmed Combat
  1727 | D:2      | Reached skill level 1 in Stealth
  1917 | D:3      | Found a hide-covered altar of Uskayaw.
  1977 | D:3      | Reached XP level 4. HP: 14/21 MP: 5/5
  2213 | D:3      | Found a faded altar of an unknown god.
  3197 | D:3      | Reached XP level 5. HP: 24/24 MP: 6/6
  3549 | D:4      | Found a staircase to the Ecumenical Temple.
  4025 | D:4      | Noticed an ogre
  4186 | D:4      | Noticed an ogre
  4328 | D:4      | Reached skill level 6 in Unarmed Combat
  4850 | D:5      | Entered Level 5 of the Dungeon
  4854 | D:5      | Noticed an ogre
  4867 | D:5      | Noticed an ice beast
  5015 | D:6      | Found a glowing silver altar of Zin.
  5068 | D:5      | Gained mutation: You are covered in thick fur. (AC +2) [Felid growth]
  5068 | D:5      | Reached XP level 6. HP: 16/28 MP: 7/7
  5354 | D:6      | Found a glowing golden altar of the Shining One.
  5466 | D:5      | Reached skill level 7 in Unarmed Combat
  5466 | D:5      | Reached XP level 7. HP: 11/31 MP: 8/8
  5474 | D:5      | Found a glowing drain.
  5479 | Sewer    | Entered a sewer
  5999 | Sewer    | Found a burning altar of Makhleb.
  6020 | Sewer    | Reached skill level 5 in Dodging
  6137 | Sewer    | Reached skill level 5 in Stealth
  6266 | Sewer    | Noticed Grinder
  6444 | Sewer    | Killed Grinder
  6444 | Sewer    | Reached skill level 8 in Unarmed Combat
  6848 | D:5      | Reached XP level 8. HP: 36/36 MP: 9/9
  7210 | D:5      | Reached skill level 9 in Unarmed Combat
  8319 | D:7      | Noticed SkullSpatter's ghost (novice MiFi)
  8447 | D:7      | Reached skill level 10 in Unarmed Combat
  8492 | D:7      | Reached XP level 9. HP: 31/39 MP: 10/10
  8632 | D:7      | Found Ownielap's Weapon Shoppe.
  9226 | D:7      | Found a faded altar of an unknown god.
  9226 | D:7      | Found a shattered altar of Ashenzari.
  9231 | D:7      | Found a faded altar of an unknown god.
  9233 | D:7      | Found a faded altar of an unknown god.
  9235 | D:7      | Found a sacrificial altar of Ru.
  9492 | D:8      | Found a sand-covered staircase.
  9526 | Ossuary  | Entered an ossuary
 10904 | D:8      | Reached skill level 11 in Unarmed Combat
 10989 | D:8      | Found a white marble altar of Elyvilon.
 11184 | D:8      | Learned a level 1 spell: Shock
 11187 | D:8      | Learned a level 2 spell: Repel Missiles
 11190 | D:8      | Learned a level 2 spell: Swiftness
 11237 | D:9      | Noticed Agrougrou's ghost (journeyman NaFi)
 11527 | D:8      | Reached skill level 1 in Spellcasting
 11859 | D:8      | Noticed an ice statue
 13794 | D:8      | Reached XP level 10. HP: 43/43 MP: 14/14
 14104 | D:7      | Reached skill level 1 in Conjurations
 14785 | D:7      | Reached skill level 1 in Air Magic
 15086 | D:8      | Killed an ice statue
 15463 | D:8      | Reached skill level 1 in Evocations
 15719 | D:9      | Found a radiant altar of Vehumet.
 15813 | D:10     | Entered Level 10 of the Dungeon
 16449 | D:9      | Found a runed door.
 16449 | D:9      | Noticed a deep troll
 16449 | D:9      | Noticed a six-headed hydra
 16449 | D:9      | Noticed an ogre mage
 16539 | D:9      | Found a radiant altar of Vehumet.
 20121 | D:9      | Noticed a frost giant
 20121 | D:9      | Noticed a wolf spider
 20636 | D:9      | Reached skill level 5 in Spellcasting
 20953 | D:9      | Reached skill level 12 in Unarmed Combat
 21334 | D:9      | Reached XP level 11. HP: 24/46 MP: 20/20
 22205 | D:10     | Noticed a hill giant
 22410 | D:8      | Killed a hill giant
 22557 | D:9      | Noticed an ogre mage
 22558 | D:9      | Noticed a stone giant
 22558 | D:9      | Noticed a five-headed hydra
 22610 | D:9      | Killed an ogre mage
 23005 | D:10     | Found a staircase to the Lair.
 23425 | D:11     | Noticed an unseen horror
 23427 | D:11     | Killed an unseen horror
 24022 | Lair:1   | Entered Level 1 of the Lair of Beasts
 24341 | Lair:1   | Noticed an eight-headed hydra
 24380 | Lair:1   | Noticed North's ghost (journeyman MfTm)
 24456 | Lair:3   | Noticed a six-headed hydra
 24741 | Lair:3   | Noticed a six-headed hydra
 24775 | Lair:3   | Reached skill level 10 in Stealth
 24815 | Lair:3   | HP: 1/46 [blink frog (18)]
 24995 | Lair:3   | Learned a level 3 spell: Conjure Flame
 25017 | Lair:3   | Killed a six-headed hydra
 25394 | Lair:3   | Reached skill level 5 in Fighting
 25663 | Lair:3   | Reached skill level 13 in Unarmed Combat
 26023 | Lair:3   | Killed a six-headed hydra
 26349 | Lair:3   | Gained mutation: Your thick and shaggy fur keeps you warm. (AC +3, rC+) [Felid growth]
 26349 | Lair:3   | Reached XP level 12. HP: 51/51 MP: 23/23
 26901 | Lair:2   | Reached skill level 1 in Fire Magic
 27368 | Lair:2   | Noticed a four-headed hydra
 27371 | Lair:2   | Killed a four-headed hydra
 28521 | Lair:2   | Reached skill level 10 in Dodging
 28990 | Lair:3   | Noticed a five-headed hydra
 29401 | Lair:1   | Killed North's ghost
 30023 | Lair:1   | Killed an eight-headed hydra
 30240 | Lair:1   | Noticed a death yak
 30389 | Lair:1   | Killed a death yak
 31738 | Lair:2   | Found a staircase to the Snake Pit.
 31937 | Lair:2   | Reached skill level 5 in Conjurations
 32335 | Lair:3   | Killed a five-headed hydra
 33042 | Lair:4   | Noticed a death yak
 33043 | Lair:4   | Noticed a death yak
 33224 | Lair:4   | Reached XP level 13. HP: 54/54 MP: 27/27
 33344 | Lair:4   | Found a staircase to the Swamp.
 36180 | Lair:4   | Reached skill level 14 in Unarmed Combat
 36300 | Lair:4   | Reached skill level 10 in Spellcasting
 37468 | Lair:6   | Entered Level 6 of the Lair of Beasts
 38756 | Lair:6   | Noticed Josephine
 39504 | Lair:6   | Slain by a black mamba
 39505 | Lair:6   | Reached XP level 12. HP: -2/76 MP: 36/36
 39506 | Lair:6   | Noticed MirrMurr's ghost (journeyman TrMo)
 39545 | Lair:6   | Demolished by MirrMurr's ghost
 39546 | Lair:6   | Reached XP level 11. HP: -19/72 MP: 35/35
 40586 | Lair:6   | Reached XP level 12. HP: 51/51 MP: 27/27
 41071 | Lair:6   | Killed Josephine
 41104 | Lair:6   | Mangled by a komodo dragon

Skill      XL: |  1  2  3  4  5  6  7  8  9 10 11 12 13 |
---------------+----------------------------------------+-----
Unarmed Combat | 5 6 7 8 10 11 12 13 14 | 14.5
Stealth        | 1 2 4 5 6 9 10 11 12 | 12.0
Dodging        | 5 7 8 11 10 | 11.2
Fighting       | 4 5 |  5.4
Spellcasting   | 2 5 7 9 10 | 10.7
Conjurations   | 2 3 5 6 |  6.3
Air Magic      | 2 3 4 |  4.5
Evocations     | 1 2 |  2.9
Fire Magic     | 2 3 |  3.7
Charms         | |  0.2

Action                   |  1- 3 |  4- 6 |  7- 9 | 10-12 | 13-15 || total
-------------------------+-------+-------+-------+-------+-------++-------
Melee: Unarmed           |    85 |   193 |   497 |   831 |   320 ||  1926
       Bite              |     5 |     9 |    61 |    91 |    51 ||   217
       Punch             |     2 |     2 |    27 |    54 |    22 ||   107
 Cast: Shock             |       |       |    58 |   368 |    94 ||   520
       Repel Missiles    |       |       |       |     4 |       ||     4
       Swiftness         |       |       |       |     3 |       ||     3
       Conjure Flame     |       |       |       |    86 |    96 ||   182
 Abil: Evoke Flight      |       |       |       |     1 |       ||     1
       Evoke Berserk Rag |       |       |       |     2 |     1 ||     3
Evoke: Wand              |       |       |       |    37 |     2 ||    39
  Use: Scroll            |       |     8 |     6 |    13 |       ||    27
       Potion            |       |     3 |     1 |     8 |     2 ||    14
 Stab: Sleeping          |     4 |    10 |    26 |    20 |     6 ||    66
       Distracted        |       |     1 |     2 |     7 |       ||    10
  Eat: Chunk             |     6 |     4 |    13 |    51 |    14 ||    88
       Pizza             |       |       |     1 |     2 |       ||     3
       Beef jerky        |       |       |       |     5 |       ||     5
Armor: Skin              |     6 |     1 |    17 |    12 |    18 ||    54
Dodge: Dodged            |    58 |   118 |   394 |   769 |   315 ||  1654
       Deflected         |       |       |       |    15 |       ||    15
